cohdb
Replays
Latest Replays
All Replays
Popular Replays
Top Player Replays
Match Explorer
How It Works
Community
CoH3 Stats
Reddit
Sign in to upload your games and track your stats! →
Sign in with Steam
Match 30158813
Unlisted
Match 30158813
Overview
Messages
Build Orders
End
Construct Section Command Post
Infantry Section
Selects Australian Defense Battlegroup
Selects Australian Light Infantry Section
Australian Light Infantry Section
Vickers Machine Gun Team
Australian Light Infantry Section
Construct Platoon Command Post
Humber Armored Car
Selects Defensive Tactics
ML 3-inch Mortar Team
CMP 15cwt Truck
Vickers Machine Gun Team
Construct Company Command Post
SneaKerz
gb_gbg
$kaffa Johnson
$kaffa soldier
0
0
Comments
sign in to comment!
No comments posted yet!